 Dungeon Crawl Stone Soup version 0.28-a0-1292-gb4563b27b3 (webtiles) character file.

Game seed: 102278307219100899

979 KyoPewz the Summoner (level 7, -2/36 HPs)
             Began as a Deep Elf Summoner on Dec 27, 2021.
             Was an Initiate of Sif Muna.
             Hit by a stone thrown by something (7 damage)
             ... on level 8 of the Dungeon on Dec 28, 2021.
             The game lasted 00:33:04 (6047 turns).

KyoPewz the Summoner (Deep Elf Summoner)            Turns: 6047, Time: 00:33:04

Health: -2/36      AC:  6    Str:  5    XL:     7   Next: 96%
Magic:  1/16       EV: 12    Int: 22    God:    Sif Muna [......]
Gold:   273        SH:  0    Dex: 15    Spells: 4/16 levels left

rFire   . . .      SeeInvis .   o - +5 club {mace}
rCold   . . .      Faith    .   (no shield)
rNeg    . . .      Spirit   .   n - +1 animal skin
rPois   .          Reflect  .   m - +2 helmet
rElec   .          Harm     .   (no cloak)
rCorr   .          Rampage  .   (no gloves)
Will    .....                   (no boots)
Stlth   ++........              (no amulet)
HPRegen 0.12/turn               (no ring)
MPRegen 0.15/turn               (no ring)

@: no status effects
A: no striking features
a: Renounce Religion


You were on level 8 of the Dungeon.
You worshipped Sif Muna.
Sif Muna was noncommittal.
You visited 2 branches of the dungeon, and saw 7 of its levels.

You collected 273 gold pieces.


   Skills:
 - Level 2.4 Dodging
 - Level 2.4 Stealth
 - Level 5.0 Spellcasting
 + Level 9.3 Summonings
 - Level 3.0 Air Magic
 - Level 3.0 Poison Magic


You had 4 spell levels left.
You knew the following spells:

 Your Spells              Type           Power      Damage    Failure   Level
a - Summon Small Mammal   Summ           100%       N/A       1%          1
b - Call Imp              Summ           46%        N/A       1%          2
c - Call Canine Familiar  Summ           46%        N/A       1%          3
d - Summon Lightning Spi  Summ/Air       32%        N/A       9%          4
e - Poisonous Vapours     Pois/Air       36%        N/A       4%          2

Your spell library contained the following spells:

 Spells                   Type           Power      Damage    Failure   Level
 Summon Guardian Golem    Hex/Summ       25%        N/A       4%          3
 Sting                    Tmut/Pois      48%        1d5       5%          1
 Static Discharge         Conj/Air       12%        N/A       9%          2
 Olgreb's Toxic Radiance  Pois           18%        N/A       28%         4
 Gell's Gravitas          Tloc           5%         N/A       30%         3
 Teleport Other           Tloc           5%         N/A       30%         3
 Lightning Bolt           Conj/Air       6%         1d18      83%         5
 Dispersal                Tloc           2%         N/A       100%        6
 Maxwell's Capacitive Co  Air            9%         ∞         100%        8

Inventory:

Hand Weapons
 h - a +0 dagger {short}
   (You took it off a kobold on level 1 of the Dungeon)
 o - a +5 club (weapon) {mace}
   (You took it off Robin on level 2 of the Dungeon)
Missiles
 c - 76 stones {throwing}
 d - 127 bolts
 f - 43 arrows
 k - a throwing net {=f!fthrowing}
 y - a boomerang {throwing}
 B - 7 poisoned darts {throwing}
Armour
 a - a +0 robe
 m - a +2 helmet (worn)
   (You took it off Robin on level 2 of the Dungeon)
 n - a +1 animal skin (worn)
   (You took it off Robin on level 2 of the Dungeon)
Wands
 l - a wand of paralysis (1)
   (You found it on level 2 of the Dungeon)
 x - a wand of flame (15)
   (You found it on level 4 of the Dungeon)
Scrolls
 g - 2 scrolls of enchant weapon {unknown}
 p - 5 scrolls of identify {unknown}
 r - a scroll of amnesia {unknown}
 s - 2 scrolls of teleportation {unknown}
Potions
 b - a potion of heal wounds {unknown}
 e - 4 potions of mutation {unknown}
 i - a potion of attraction {unknown}
 j - a potion of degeneration {unknown}
 q - a potion of brilliance {unknown}
 t - a potion of haste {unknown}
 u - a potion of ambrosia {unknown}
 v - a potion of resistance {unknown}
 w - 3 potions of curing {unknown}
 z - a potion of experience {unknown}
 A - a potion of might {unknown}

Dungeon Overview and Level Annotations

Branches:
Dungeon (5/15)             Temple (1/1) D:4

Altars:
Ashenzari
Cheibriados
Dithmenos
Fedhas
Hepliaklqana
Kikubaaqudgha
Makhleb
Qazlal
Ru
Sif Muna
Trog
Vehumet
Xom
Zin

Portals:
Bailey: D:8

Annotations:
D:8 3 runed translucent doors, Maurice; UristMcRaven's ghost, novice OpEE

###################
#.......@h........# #####
#.#########.#####.###...# #.#
#.# #..##..... #.# #.#
#..h...... #.# #.# #.###.....
#.# #.####.###..... #.#
#..##...##.#.## #.#
######'#####.##
#####.###########.#...#.##...


You could see a friendly wolf (summoned).


Message History

The orc warrior shouts! 😕 MP[+1]
Casting: Call Canine Familiar (safe; 1% risk of failure)
Confirm with . or Enter, or press ? or * to list all spells.
The orc warrior hits your wolf with a +0 scimitar! 😕 MP[-3]
You lost 3 mp, and now have 2/16 mp.
The orc warrior hits your wolf with a +0 scimitar!
Your wolf dies!
Your wolf's corpse disappears in a puff of smoke! 😕 HP[+1] Maurice unwields a +2 short sword of protection.
Maurice drops a +2 short sword of protection.
Maurice picks up a +0 flail {mace}.
Maurice wields a +0 flail {mace}. 😕 MP[+1]
Casting: Call Canine Familiar (safe; 1% risk of failure)
Confirm with . or Enter, or press ? or * to list all spells.
The orc warrior barely misses you. 😕 MP[-3]
You lost 3 mp, and now have 0/16 mp.
You hit the orc warrior but do no damage.
Your wolf bites the orc warrior but does no damage.
The orc warrior hits you with a +0 scimitar!
* * * LOW HITPOINT WARNING * * *
Your wolf bites the orc warrior but does no damage. 😨 HP[-16]
You take 16 damage, and now have 13/36 hp.
MASSIVE DAMAGE!! (PAUSE)
You barely miss the orc warrior.
Your wolf completely misses the orc warrior.
The orc warrior hits you with a +0 scimitar!
* * * LOW HITPOINT WARNING * * *
Your wolf closely misses the orc warrior. 😱 HP[-11]
You take 11 damage, and now have 2/36 hp.
MASSIVE DAMAGE!! (PAUSE)
Your wolf barely misses the orc warrior.
Maurice mumbles some strange words.
Maurice flickers and vanishes!
Deactivating autopickup; reactivate with Ctrl-A. 😱 HP[+1]
Your wolf bites the orc warrior. 😱 MP[+1]
There is a stone staircase leading up here.
Your wolf closely misses the orc warrior.
Your wolf closely misses the orc warrior.
Your wolf bites the orc warrior!
The orc warrior closely misses your wolf.
Your wolf misses the orc warrior. Something barely misses your wolf.
Your wolf bites the orc warrior.
The orc warrior hits your wolf with a +0 scimitar!!
Something hits your wolf!
Your wolf dies!
Your wolf's corpse disappears in a puff of smoke!
The orc warrior shouts! 😱 MP[+1] 😱 HP[+1] 😱 MP[+1]
Casting: Call Canine Familiar (safe; 1% risk of failure)
Confirm with . or Enter, or press ? or * to list all spells.
The orc warrior hits your wolf with a +0 scimitar! 😱 MP[-3]
You lost 3 mp, and now have 0/16 mp.
Your wolf bites the orc warrior.
The orc warrior dies!
Sif Muna accepts your kill.
Training target 3.0 for Poison Magic reached!
Training target 3.0 for Air Magic reached!
Your Air Magic skill increases to level 3!
Your Poison Magic skill increases to level 3!
You need to enable at least one skill for training. 😱 HP[+1] Unknown command.
You swap places.
You hear the quick creaking of a distant portcullis.
You hear some strange, mumbled words.
Things that are here:
a +0 scimitar {long}; a +0 plate armour You swap places.
A stone appears from out of thin air!
The stone closely misses your wolf.
The stone hits you but does no damage. 😱 MP[+1]
You start resting.
A stone appears from out of thin air!
The stone misses your wolf. The stone hits you.
* * * LOW HITPOINT WARNING * * *
😱 HP[-1]
You take 1 damage, and now have 4/36 hp.
Unknown command.
Press: ? - help, v - describe, . - travel, g - get item
Here: a wolf (moderately wounded, summoned, friendly)
Items here: a +0 scimitar {long}; a +0 plate armour.
The floor.
Press: ? - help, v - describe, . - travel, g - get item
Here: a wolf (moderately wounded, summoned, friendly)
Items here: a +0 scimitar {long}; a +0 plate armour.
The floor.
Unknown command.
Unknown command.
A stone appears from out of thin air!
The stone closely misses your wolf. The stone hits you!
You die...

Skill      XL: |  1  2  3  4  5  6  7 |
---------------+----------------------+-----
Summonings     | 5 6 7 9 |  9.3
Spellcasting   | 4 5 |  5.0
Air Magic      | 3 |  3.0
Poison Magic   | 3 |  3.0
Dodging        | |  2.4
Stealth        | |  2.4

Action                   |  1- 3 |  4- 6 |  7- 9 || total
-------------------------+-------+-------+-------++-------
Melee: Unarmed           |     5 |       |       ||     5
       Dagger            |    20 |    21 |       ||    41
       Club              |     3 |    40 |     8 ||    51
 Cast: Summon Small Mamm |    41 |    14 |     1 ||    56
       Call Imp          |     3 |     5 |     1 ||     9
       Call Canine Famil |     3 |    20 |     9 ||    32
       Summon Lightning  |       |       |     2 ||     2
 Stab: Sleeping          |       |     2 |       ||     2
       Distracted        |       |     1 |       ||     1
Armor: Robe              |     9 |       |       ||     9
       Animal skin       |       |     9 |     5 ||    14
Dodge: Dodged            |    25 |    37 |     6 ||    68

Levels and vault maps discovered:
D:1:      dpeg_arrival_concentric_ovals, layout_basic, basic_ecumenical_altar
D:2:      layout_basic, uniq_robin
D:3:      layout_loops_ring, lemuel_tele_altar, serial_forest,
          infiniplex_forest_straight_4, infiniplex_forest_zigzag_1,
          infiniplex_forest_lined_4_way, infiniplex_forest_corner_2,
          infiniplex_forest_straight_2, infiniplex_forest_end_2,
          infiniplex_forest_straight_1, infiniplex_forest_end_2,
          infiniplex_forest_lined_corner
D:4:      layout_basic, makhleb_blood_cavern_becter, lemuel_temple_firewalk_b,
          saegor_snake_ambush
D:5:      layout_basic, mainiacjoe_overflow_cross_hatched, skrybe_limestone_x
D:8:      layout_loops_ring, grunt_temple_overflow_diamond,
          gammafunk_ghost_split, enter_bailey_5, minivault_11, uniq_maurice
Temple:   compressed_dpeg_triangle_lava_temple

Notes
Turn   | Place    | Note
-------+----------+-------------------------------------------
     0 | D:1      | KyoPewz the Deep Elf Summoner began the quest for the Orb.
     0 | D:1      | Reached XP level 1. HP: 10/10 MP: 6/6
     0 | D:1      | magus.rc [v1.9.6]
   245 | D:1      | Reached XP level 2. HP: 15/15 MP: 5/8
   249 | D:1      | Learned a level 2 spell: Call Imp
   565 | D:1      | Found a faded altar of an unknown god.
   583 | D:1      | Reached skill level 5 in Summonings
   928 | D:2      | Reached XP level 3. HP: 18/19 MP: 8/10
  1047 | D:2      | Noticed Robin
  1089 | D:2      | Learned a level 3 spell: Call Canine Familiar
  1109 | D:2      | Killed Robin
  1110 | D:2      | Reached skill level 4 in Spellcasting
  1447 | D:2      | Reached XP level 4. HP: 24/24 MP: 8/12
  1452 | D:2      | Learned a level 4 spell: Summon Lightning Spire
  2204 | D:3      | You pick up a book of Lightning and begin reading...
  2204 | D:3      | You add the spells Static Discharge, Lightning Bolt and
                  | Maxwell's Capacitive Coupling to your library.
  2234 | D:3      | You add the spells Sting, Poisonous Vapours and Olgreb's
                  | Toxic Radiance to your library.
  2462 | D:3      | You add the spells Gell's Gravitas, Teleport Other and
                  | Dispersal to your library.
  2480 | D:3      | Found a hazy altar of Hepliaklqana.
  2850 | D:4      | Reached skill level 6 in Summonings
  3136 | D:4      | Reached XP level 5. HP: 28/28 MP: 11/14
  3711 | D:5      | Entered Level 5 of the Dungeon
  3763 | D:4      | Found a staircase to the Ecumenical Temple.
  3793 | Temple   | Entered the Ecumenical Temple
  3800 | Temple   | Became a worshipper of Sif Muna the Loreminder
  4266 | D:4      | Found a burning altar of Makhleb.
  4273 | D:4      | Reached skill level 5 in Spellcasting
  4275 | D:4      | Noticed a necrophage
  4302 | D:4      | Killed a necrophage
  4303 | D:4      | Reached skill level 7 in Summonings
  4303 | D:4      | Reached XP level 6. HP: 32/32 MP: 10/15
  4969 | D:4      | Found a burning altar of Makhleb.
  5087 | D:4      | Found a staircase to the Ecumenical Temple.
  5485 | D:5      | You fall into a shaft and drop 3 floors!
  5485 | D:8      | Noticed a yaktaur
  5501 | D:8      | Killed a yaktaur
  5502 | D:8      | Reached skill level 9 in Summonings
  5502 | D:8      | Reached XP level 7. HP: 36/36 MP: 5/16
  5505 | D:8      | Learned a level 2 spell: Poisonous Vapours
  5610 | D:8      | Reached skill level 1 in Air Magic
  5610 | D:8      | Reached skill level 1 in Poison Magic
  5649 | D:8      | Reached skill level 2 in Poison Magic
  5816 | D:8      | Noticed UristMcRaven's ghost (novice OpEE)
  5853 | D:8      | Found a runed translucent gate.
  5853 | D:8      | Found a runed translucent gate.
  5853 | D:8      | Found a runed translucent gate.
  5860 | D:8      | Reached skill level 2 in Air Magic
  5947 | D:8      | Found a blossoming altar of Fedhas.
  5949 | D:8      | Found a shimmering altar of Xom.
  5951 | D:8      | Found a snail-covered altar of Cheibriados.
  5977 | D:8      | Found a flagged portal.
  5994 | D:8      | Noticed Maurice
  6021 | D:8      | HP: 2/36 [orc warrior (11)]
  6040 | D:8      | Reached skill level 3 in Air Magic
  6040 | D:8      | Reached skill level 3 in Poison Magic
  6044 | D:8      | HP: 4/36 [something (1)]
  6047 | D:8      | Hit by a stone thrown by something

Vanquished Creatures
  An ice beast (D:8)
  A bullfrog skeleton (D:5)
  An adder (D:4)
  An endoplasm (D:2)
  2 giant cockroaches (D:4)
  A hobgoblin (D:3)
  2 kobolds
  A quokka (D:2)
  2 ball pythons (D:4)
  A bat (D:2)
13 creatures vanquished.

Vanquished Creatures (collateral kills)
  A yaktaur (shapeshifter) (D:8)
  An orc warrior (D:8)
  A necrophage (D:4)
  A kobold brigand (D:8)
  A bullfrog (D:8)
  2 orc priests
  An orc wizard (D:4)
  A hound skeleton (D:4)
  Robin (D:2)
  2 gnolls (D:8)
  8 adders
  3 dart slugs
  5 orcs
  3 ball pythons (D:4)
  3 bats (D:1)
  8 endoplasms
  10 goblins
  10 hobgoblins
  5 jackals
  2 quokkas
  2 frilled lizards (D:1)
  7 kobolds
  4 rats
82 creatures vanquished.

Vanquished Creatures (others)
  A plant (D:4)
1 creature vanquished.

Grand Total: 96 creatures vanquished

Table legend:
 A = Non-vault XP
 B = Vault XP
 C = Vault XP percentage of total XP
 D = Non-vault monster count
 E = Vault monster count
 F = Vault count percentage of total count
                 A         B        C        D         E       F
            +---------+---------+-------+---------+---------+-------
      Total |    1190 |     209 |  14.9 |      77 |      18 |  18.9
            +---------+---------+-------+---------+---------+-------
        D:1 |      34 |       0 |   0.0 |      20 |       0 |   0.0
        D:2 |      51 |      34 |  40.0 |      15 |      11 |  42.3
        D:3 |      23 |       0 |   0.0 |       6 |       0 |   0.0
        D:4 |     152 |     175 |  53.5 |      23 |       7 |  23.3
        D:5 |      41 |       0 |   0.0 |       1 |       0 |   0.0
        D:8 |     889 |       0 |   0.0 |      12 |       0 |   0.0
            +---------+---------+-------+---------+---------+-------

Illustrated notes

Table legend:
 A = Kills in this place as a percentage of kills in entire the game.
 B = Kills by you in this place as a percentage of kills by you in the entire game.
 C = Kills by friends in this place as a percentage of kills by friends in the entire game.
 D = Other kills in this place as a percentage of other kills in the entire game.
 E = Experience gained in this place as a percentage of experience gained in the entire game.
 F = Experience gained in this place divided by the number of levels of this place that you have seen.
                   A       B       C       D       E      F
               +-------+-------+-------+-------+-------+----------------------
         Total | 100.0 | 100.0 | 100.0 |   N/A | 100.0 | 199.9
       Dungeon | 100.0 | 100.0 | 100.0 |   N/A | 100.0 | 233.2
               +-------+-------+-------+-------+-------+----------------------

Table legend: (Time is in decaauts)
 A = Elapsed time spent in this place.
 B = Non-inter-level travel time spent in this place.
 C = Inter-level travel time spent in this place.
 D = Time resting spent in this place.
 E = Time spent auto-exploring this place.
 F = Levels seen in this place.
 G = Mean time per level.
                   A        B        C        D        E       F      G
               +--------+--------+--------+--------+--------+-----+--------+
         Total |   6109 |   5804 |    305 |    615 |   2535 |   7 |  872.7 |
       Dungeon |   5811 |   5506 |    305 |    615 |   2270 |   6 |  968.5 |
        Temple |    297 |    297 |      0 |      0 |    265 |   1 |  297.0 |
               +--------+--------+--------+--------+--------+-----+--------+

Top non-repeatable levels by time:
     D:4: 2307 daAuts
     D:2: 1005 daAuts
     D:1: 988 daAuts
     D:3: 849 daAuts
     D:8: 564 daAuts
  Temple: 297 daAuts
     D:5: 97 daAuts
